 Dungeon Crawl Stone Soup version 0.31-a0-845-g9abc20d24f (webtiles) character file.

Game seed: 4704841118463105306

191590 Dirtsage the Severer (level 17, -9/159 HPs)
             Began as a Minotaur Fighter on Oct 1, 2023.
             Was a High Priest of Okawaru.
             Mangled by an alligator snapping turtle (21 damage)
             ... on level 2 of the Shoals.
             The game lasted 01:09:31 (24911 turns).

Dirtsage the Severer (Minotaur Fighter)            Turns: 24911, Time: 01:09:32

Health: -9/159     AC: 25    Str: 27    XL:     17   Next: 58%
Magic:  18/25      EV: 15    Int:  7    God:    Okawaru [*****.]
Gold:   1309       SH:  0    Dex: 12    Spells: 16/16 levels left

rFire   + . .        W - +0 battleaxe (vamp)
rCold   + . .        (shield currently unavailable)
rNeg    + . .        j - +4 chain mail of Ogumis {rPois rCorr Stlth+}
rPois   +            b - +1 hat "Hojea" {rC+ rN+ Stlth+}
rElec   +            c - scarf of Zoklets {repulsion, rElec Will++}
rCorr   +            U - +2 pair of gloves of Inference {rElec rCorr Dex-2 Slay+3}
SInv    .            a - +0 pair of boots
Will    +++++        z - amulet of regeneration
Stlth   ++           X - ring "Ciurph" {rF+ Will++ Str+4}
HPRegen 1.26/turn    F - ring of flight
MPRegen 0.19/turn

%: repel missiles
@: heroic, finesse-ful, flying, studying Transmutations
A: horns 2, retaliatory headbutt
}: 1/15 runes: gossamer
a: Renounce Religion, Heroism, Finesse, Duel


You were on level 2 of the Shoals.
You worshipped Okawaru.
Okawaru was extremely pleased with you.
You visited 6 branches of the dungeon, and saw 25 of its levels.
You also visited: Bailey and Gauntlet.

You collected 2800 gold pieces.
You spent 1491 gold pieces at shops.

Inventory:

Hand Weapons
 R - a +1 flail of protection
 T - a +2 broad axe of electrocution
 W - a +0 vampiric battleaxe (weapon)
Missiles
 P - 19 silver javelins (quivered)
 Q - 5 curare-tipped darts
 Y - 28 boomerangs
 Z - 3 throwing nets
Armour
 a - a +0 pair of boots (worn)
 b - the +1 hat "Hojea" (worn) {rC+ rN+ Stlth+}
   (You found it on level 4 of the Spider Nest)

   rC+:       It protects you from cold.
   rN+:       It protects you from negative energy.
   Stlth+:    It makes you more stealthy.
 c - the scarf of Zoklets (worn) {repulsion, rElec Will++}
   (You acquired it on level 2 of the Orcish Mines)

   rElec:     It insulates you from electricity.
   Will++:    It greatly increases your willpower.
 j - the +4 chain mail of Ogumis (worn) {rPois rCorr Stlth+}
   (You found it on level 2 of the Dungeon)

   rPois:     It protects you from poison rCorr: It protects you from acid and
   corrosion.
   Stlth+:    It makes you more stealthy.
 v - a +0 kite shield
 J - the +2 cloak of the Thief {*Fog Slay-2 SInv Stlth+}
   (You found it in a bailey)

   *Fog:      It may release a thick cloud of smoke when the wearer is hurt.
   Slay-2:    It affects your accuracy & damage with ranged weapons and melee
   (-2).
   SInv:      It lets you see invisible.
   Stlth+:    It makes you more stealthy.
 U - the +2 pair of gloves of Inference (worn) {rElec rCorr Dex-2 Slay+3}
   (Okawaru gifted it to you on level 1 of the Lair of Beasts)

   Dex-2:     It affects your dexterity (-2).
   Slay+3:    It affects your accuracy & damage with ranged weapons and melee
   (+3).
   rElec:     It insulates you from electricity.
   rCorr:     It protects you from acid and corrosion.
Jewellery
 f - the ring of Kaygoy {Ice Contam Int+2 Dex+3 Slay+6}
   (You found it in a Gauntlet)

   [ring of ice]

   Ice:       It enhances your ice magic.
   Int+2:     It affects your intelligence (+2).
   Dex+3:     It affects your dexterity (+3).
   Slay+6:    It affects your accuracy & damage with ranged weapons and melee
   (+6).
   rF-:       It makes you vulnerable to fire.
   rC+:       It protects you from cold.
   Contam:    It causes magical contamination when unequipped.
 z - an amulet of regeneration (around neck)
 F - a ring of flight (right hand)
 N - the ring "Iriseape" {rF+ rN+ Will+ Str+6 Int-5 Dex+3}
   (You found it on level 4 of the Spider Nest)

   [ring of strength]

   Str+6:     It affects your strength (+6).
   Int-5:     It affects your intelligence (-5).
   Dex+3:     It affects your dexterity (+3).
   rF+:       It protects you from fire.
   rN+:       It protects you from negative energy.
   Will+:     It increases your willpower.
 S - a ring of see invisible
 X - the ring "Ciurph" (left hand) {rF+ Will++ Str+4}
   (You found it in a Gauntlet)

   [ring of protection from fire]

   Str+4:     It affects your strength (+4).
   rF+:       It protects you from fire.
   Will++:    It greatly increases your willpower.
Wands
 y - a wand of paralysis (15)
 D - a wand of digging (9)
 L - a wand of quicksilver (10)
 M - a wand of roots (10)
Scrolls
 e - 3 scrolls of silence
 g - 3 scrolls of fear
 i - a scroll of identify
 k - 2 scrolls of summoning
 p - 4 scrolls of immolation
 r - 2 scrolls of enchant armour
 s - 6 scrolls of poison
 t - 8 scrolls of teleportation
 u - 8 scrolls of fog
 B - 2 scrolls of blinking
 C - 2 scrolls of revelation
 G - a scroll of amnesia
Potions
 d - 6 potions of might
 h - 11 potions of haste
 l - 4 potions of heal wounds
 m - 7 potions of enlightenment
 n - 2 potions of resistance
 q - 6 potions of curing
 w - 6 potions of brilliance
 x - 4 potions of attraction
 A - 2 potions of invisibility
 E - 6 potions of ambrosia
 H - 2 potions of lignification
 I - 4 potions of berserk rage
 K - a potion of cancellation
 O - 5 potions of mutation
 V - 3 potions of magic
Miscellaneous
 o - a lightning rod (4/4)


   Skills:
 + Level 16.5(21.5) Fighting
 + Level 18.7(23.7) Axes
 + Level 11.5(16.5) Throwing
 + Level 13.7(18.7) Armour
 + Level 9.1(14.1) Dodging
 + Level 13.6(18.6) Shields
 + Level 13.2 Invocations
 * Level 6.1 Evocations


You had 16 spell levels left.
You didn't know any spells.
Your spell library contained the following spells:

 Spells                   Type           Power      Damage    Failure   Level
 Sandblast                Erth           0%         2d4       77%         1
 Slow                     Hex            0%         N/A       77%         1
 Cigotuvi's Dreadful Rot  Necr/Pois/Air  0%         N/A       88%         2
 Passwall                 Tmut/Erth      0%         N/A       88%         2
 Poisonous Vapours        Pois/Air       0%         N/A       88%         2
 Confusing Touch          Hex            0%         N/A       98%         3
 Ignite Poison            Fire/Tmut/Pois 0%         N/A       98%         3
 Inner Flame              Hex/Fire       0%         N/A       98%         3
 Ozocubu's Armour         Ice            0%         N/A       98%         3
 Sigil of Binding         Hex            0%         N/A       98%         3
 Stone Arrow              Conj/Erth      0%         3d7       98%         3
 Vampiric Draining        Necr           0%         2d6       98%         3
 Volatile Blastmotes      Fire/Tloc      0%         2d10      98%         3
 Brom's Barrelling Bould  Conj/Erth      0%         2d3       100%        4
 Dispel Undead            Necr           0%         3d6       100%        4
 Fulminant Prism          Conj/Hex       0%         3d5       100%        4
 Iskenderun's Mystic Bla  Conj/Tloc      0%         2d3       100%        4
 Alistair's Intoxication  Tmut/Pois      0%         N/A       100%        5
 Borgnjor's Vile Clutch   Necr/Erth      0%         N/A       100%        5
 Fireball                 Conj/Fire      0%         3d3       100%        5
 Freezing Cloud           Conj/Ice/Air   0%         6-21      100%        5
 Metabolic Englaciation   Hex/Ice        0%         N/A       100%        5
 Eringya's Noxious Bog    Tmut/Pois      0%         4d6       100%        6
 Plasma Beam              Fire/Air       0%         2x1d10    100%        6
 Orb of Destruction       Conj           0%         9d5       100%        7
 Summon Guardian Golem    Hex/Summ       Unusable   N/A       N/A         3
 Death Channel            Necr           Unusable   N/A       N/A         6
 Simulacrum               Ice/Necr       Unusable   N/A       N/A         6
 Spellforged Servitor     Conj/Summ      Unusable   N/A       N/A         7

Dungeon Overview and Level Annotations

Branches:
Dungeon (11/15)            Temple (1/1) D:4            Lair (5/5) D:9
 Shoals (2/4) Lair:2       Spider (4/4) Lair:2        Slime (0/5) Lair:4
    Orc (2/2) D:11            Elf (0/3) Orc:2        Bailey (visited)
Gauntlet (visited)

Altars:
Ashenzari
Cheibriados
Dithmenos
Elyvilon
Fedhas
Gozag
Hepliaklqana
Kikubaaqudgha
Makhleb
Nemelex Xobeh
Okawaru
Qazlal
Ru
Sif Muna
Trog
Uskayaw
Vehumet
Wu Jian
Xom
Yredelemnul
Zin
The Shining One
Lugonu

Shops:
Orc:2 *[*=?=:?(   Shoals:1 !

Portals:
Abyss: Lair:5
Pandemonium: Orc:2

Annotations:
D:11 3 runed translucent doors, exclusion: orange crystal statue


Innate Abilities, Weirdness & Mutations

You have a pair of horns on your head.
You reflexively headbutt those who attack you in melee.


Message History

The water nymph shouts!
The water nymph's watery aura covers the stone staircase leading down.
The water nymph casts a spell at you. The water rises up and strikes you!
You take 10 damage, and have 149/159 hp.
An alligator snapping turtle comes into view.
The alligator snapping turtle hisses angrily.
The water nymph points at you and mumbles some strange words.
The water rises up and strikes you!
You take 16 damage, and have 135/159 hp.
The water nymph points at you and mumbles some strange words.
The water rises up and strikes you!
You take 12 damage, and have 123/159 hp.
The alligator snapping turtle bites you from afar!!
The water nymph gestures at you while chanting.
The water rises up and strikes you.
You take 34 damage, and have 89/159 hp.
MASSIVE DAMAGE!!
You completely miss the water nymph. Your headbutt misses the water nymph.
The alligator snapping turtle bites you from afar!
The water nymph touches you. The water nymph drowns you!
You take 18 damage, and have 71/159 hp.
You barely miss the water nymph.
The water nymph points at you and mumbles some strange words.
The water rises up and strikes you!!!
* * * LOW HITPOINT WARNING * * *
The alligator snapping turtle bites you but does no damage.
You take 38 damage, and have 33/159 hp.
MASSIVE DAMAGE!!
You hit the water nymph. Your headbutt misses the water nymph.
The water nymph is lightly wounded.
You gain the combat prowess of a mighty hero.
The water nymph gestures at you while chanting.
The water rises up and strikes you!
* * * LOW HITPOINT WARNING * * *
The alligator snapping turtle completely misses you.
You take 14 damage, and have 20/159 hp.
You now have 23/25 mp.
You can now deal lightning-fast blows.
The water nymph touches you. The water nymph drowns you!
* * * LOW HITPOINT WARNING * * *
The alligator snapping turtle bites you from afar!!
You die...

#...~~... ####..~≈≈~~~
...~~.~≈≈≈≈
.##..~~≈≈≈~.##..~~~~≈≈≈≈
......~~~~.##....~~≈≈≈≈≈
.......~~........~~≈≈≈≈≈≈≈≈
.~~~~..~~~.......~~≈≈≈≈≈≈≈≈
~~~~~~~≈~.....t~~~~≈≈≈≈≈≈≈≈
~≈~.~~≈≈~..~...~m~~≈≈≈≈≈≈≈≈
≈≈~~~≈≈~~~~....~@~~≈≈≈≈≈≈≈≈
≈≈≈~≈≈≈~.~~..~..~~~≈≈≈≈≈≈≈≈
≈≈≈≈≈≈≈~~~~~~~~~~~≈≈≈≈≈≈≈≈≈
≈≈≈≈≈≈≈≈≈≈~~~~~~~≈≈≈≈≈≈≈≈≈≈
≈≈≈≈≈≈≈≈≈≈≈≈≈≈≈≈≈≈≈≈≈≈≈≈≈≈≈
≈≈≈≈≈≈≈≈≈≈≈≈≈≈≈≈≈≈≈≈≈≈≈≈≈≈≈
≈≈≈≈≈≈≈≈≈≈≈≈≈≈≈≈≈≈≈≈≈≈≈≈≈≈≈
≈≈≈≈≈≈≈≈≈≈≈≈≈≈≈≈≈≈≈≈≈≈≈≈≈≈≈
≈≈≈≈≈≈≈≈≈≈≈≈≈≈≈≈≈≈≈≈≈≈≈≈≈≈≈


You could see an alligator snapping turtle and a water nymph.

Vanquished Creatures
  Arachne (Spider:3)
  Nikola (Spider:2)
  The ghost of Yohl the Scorcher, an adept DrCj of Vehumet (Spider:4)
  Rupert (Lair:3)
  2 emperor scorpions (Spider:1)
  2 ghost moths (Spider:4)
  3 broodmothers
  4 spark wasps
  A minotaur (Gauntlet)
  Josephine (Lair:4)
  2 merfolk impalers (Shoals:2)
  5 entropy weavers
  2 hydras
  A demonspawn (Orc:2)
  4 jorogumos
  A hydra (shapeshifter) (Lair:5)
  A merfolk avatar (Shoals:1)
  The ghost of Armakuni the Basher, a journeyman HuFi of Vehumet (Orc:1)
  A merfolk aquamancer (Shoals:2)
  10 death yaks
  3 boulder beetles
  6 radroaches
  17 demonic crawlers
  A satyr (Shoals:2)
  4 thrashing horrors (Lair:5)
  9 orc high priests (Orc:2)
  7 skysharks
  A soul eater (Orc:2)
  A fire crab (Gauntlet)
  8 pharaoh ants
  2 sun moths (Spider:4)
  4 orb spiders
  4 sea snakes (Shoals:1)
  A bog body (Lair:4)
  Pikel (D:4)
  A large abomination (Lair:5)
  5 orc knights
  9 steelbarb worms
  5 harpies (Shoals:1)
  26 wolf spiders
  2 oklob plants (Spider:1)
  3 orc sorcerers (Orc:2)
  5 manticores
  3 cyclopes
  2 fauns
  2 ice statues
  3 moths of wrath
  2 merfolk sirens
  12 elephants
  An orange demon (Orc:2)
  A guardian serpent (shapeshifter) (Lair:5)
  7 black mambas
  15 cane toads
  8 torpor snails
  3 gargoyles
  2 smoke demons (Lair:5)
  12 komodo dragons
  An unseen horror (D:7)
  A freezing wraith (Lair:4)
  5 rime drakes
  3 ice devils
  12 merfolk
  8 polar bears
  3 meliai (Spider:4)
  33 tarantellas
  The ghost of Xavier147 the Cleaver, an amateur HOBe of Trog (D:7)
  11 trolls
  Grinder (D:4)
  3 hornets
  3 wind drakes (Shoals:1)
  24 blink frogs
  3 raiju
  19 dream sheep
  2 slime creatures (D:5)
  24 jumping spiders
  25 culicivoras
  2 wyverns (D:10)
  4 wraiths (Lair:4)
  2 vampires
  2 spriggans (Lair:5)
  40 yaks
  A ynoxinul (Lair:5)
  3 chaos spawn
  5 fire bats (Gauntlet)
  3 water elementals
  Eustachio (D:4)
  10 basilisks
  37 redbacks
  3 steam dragons
  7 wargs
  3 hell hounds (Gauntlet)
  17 water moccasins
  28 orc warriors
  A sky beast (D:8)
  5 black bears
  3 ogres
  24 wolves
  10 small abominations (Lair:5)
  8 centaurs
  4 kobold brigands
  A phantom (D:5)
  2 lemures (D:4)
  Blork the orc (D:5)
  29 bullfrogs
  4 scorpions
  A two-headed ogre simulacrum (Lair:4)
  3 wights (D:8)
  13 killer bees
  6 vampire bats (Bailey)
  3 electric eels (D:9)
  4 howler monkeys
  7 wolf zombies (Bailey)
  7 jellies
  8 hounds
  15 orc priests
  5 hell rats (Lair:3)
  3 iguanas
  9 orc wizards
  3 spectral orcs (Orc:1)
  A spriggan simulacrum (Lair:4)
  4 mutant beasts (D:10)
  A troll simulacrum (Lair:4)
  Robin (D:3)
  5 gnolls
  7 adders
  An ogre simulacrum (Orc:1)
  A shadow imp (D:6)
  2 white imps
  3 ufetubi
  4 worms
  A dart slug (D:1)
  49 orcs
  4 orc simulacra (Orc:1)
  11 ball pythons
  12 endoplasms
  2 giant cockroaches
  15 goblins
  13 hobgoblins
  32 kobolds
  4 quokkas
  5 bats
  5 frilled lizards
  25 orc zombies (Bailey)
  2 rats (D:2)
982 creatures vanquished.

Vanquished Creatures (others)
  A boulder beetle (Spider:2)
  An orb spider (Spider:2)
  A jumping spider (Spider:2)
  2 redbacks (Spider:2)
5 creatures vanquished.

Grand Total: 987 creatures vanquished

Notes
Turn   | Place    | Note
-------+----------+-------------------------------------------
     0 | D:1      | Dirtsage the Minotaur Fighter began the quest for the Orb.
     0 | D:1      | Reached XP level 1. HP: 19/19 MP: 0/0
   137 | D:1      | Reached skill level 3 in Axes
   207 | D:1      | Reached XP level 2. HP: 22/26 MP: 1/1
   333 | D:1      | Reached skill level 4 in Axes
   932 | D:2      | Reached XP level 3. HP: 29/31 MP: 2/2
   966 | D:2      | Identified the +4 chain mail of Ogumis {rPois rCorr Stlth+}
   977 | D:2      | Found a faded altar of an unknown god.
  1587 | D:2      | Reached XP level 4. HP: 39/40 MP: 3/3
  2267 | D:3      | Noticed Robin
  2272 | D:3      | Reached skill level 5 in Axes
  2274 | D:3      | Killed Robin
  2455 | D:3      | Reached XP level 5. HP: 46/46 MP: 4/4
  2960 | D:4      | Found a basalt altar of Yredelemnul.
  3015 | D:4      | Found a sparkling altar of Nemelex Xobeh.
  3033 | D:4      | Found a staircase to the Ecumenical Temple.
  3105 | Temple   | Entered the Ecumenical Temple
  3177 | Temple   | Became a worshipper of Warmaster Okawaru
  3288 | D:4      | Noticed Grinder
  3290 | D:4      | Noticed a lemure
  3294 | D:4      | Killed Grinder
  3295 | D:4      | Reached skill level 6 in Axes
  3295 | D:4      | Reached skill level 1 in Invocations
  3295 | D:4      | Reached XP level 6. HP: 55/55 MP: 5/5
  3332 | D:4      | Noticed Eustachio
  3340 | D:4      | Noticed Pikel
  3360 | D:4      | Killed Pikel
  3360 | D:4      | Reached * piety under Okawaru
  3360 | D:4      | Reached ** piety under Okawaru
  3361 | D:4      | Reached skill level 5 in Fighting
  3361 | D:4      | Reached skill level 7 in Axes
  3361 | D:4      | Reached skill level 5 in Armour
  3361 | D:4      | Reached skill level 5 in Shields
  3361 | D:4      | Reached XP level 7. HP: 23/61 MP: 5/7
  3370 | D:4      | Killed Eustachio
  3371 | D:4      | Reached XP level 8. HP: 21/70 MP: 3/9
  3956 | D:5      | Entered Level 5 of the Dungeon
  3981 | D:5      | Noticed Blork the orc
  3995 | D:5      | Killed Blork the orc
  4005 | D:5      | Reached skill level 8 in Axes
  4394 | D:5      | Found a hide-covered altar of Uskayaw.
  4462 | D:5      | Noticed a slime creature
  4462 | D:5      | Noticed a slime creature
  4782 | D:5      | Killed a slime creature
  4904 | D:5      | Killed a slime creature
  4905 | D:5      | Reached skill level 9 in Axes
  5081 | D:6      | Reached XP level 9. HP: 70/78 MP: 10/10
  5107 | D:6      | Got a thrumming book
  5463 | D:6      | Reached *** piety under Okawaru
  5858 | D:7      | Found a hazy altar of Hepliaklqana.
  6031 | D:7      | Killed an unseen horror
  6038 | D:7      | Identified the +8 dagger of Xuxoj {heavy, Str+4}
  6124 | D:7      | Reached skill level 10 in Axes
  6345 | D:7      | Found a white marble altar of Elyvilon.
  6443 | D:7      | Reached **** piety under Okawaru
  6567 | D:7      | Found a runed translucent door.
  6567 | D:7      | Noticed Xavier147's ghost (amateur HOBe)
  6582 | D:7      | Reached skill level 5 in Invocations
  6593 | D:7      | Killed Xavier147's ghost
  6858 | D:8      | Reached XP level 10. HP: 68/88 MP: 12/12
  6924 | D:8      | Reached skill level 11 in Axes
  7097 | D:8      | Reached ***** piety under Okawaru
  7128 | D:8      | Found a flagged portal.
  7134 | Bailey   | Entered a bailey
  7217 | Bailey   | Noticed a gargoyle
  7225 | Bailey   | Killed a gargoyle
  7253 | Bailey   | Found the +2 cloak of the Thief {*Fog Slay-2 SInv Stlth+}
  7695 | D:8      | Identified the +5 trident of Buivapli {flame, Dex+2}
  7814 | D:9      | Reached skill level 12 in Axes
  7842 | D:9      | Found a staircase to the Lair.
  8123 | D:9      | Reached XP level 11. HP: 63/97 MP: 14/14
  8598 | D:10     | Entered Level 10 of the Dungeon
  8672 | D:10     | Noticed a juvenile oxfire beast
  8698 | D:10     | Killed a juvenile oxfire beast
  9225 | D:10     | Reached skill level 13 in Axes
  9564 | D:11     | Found a runed translucent door.
  9573 | D:11     | Received a gift from Okawaru
  9671 | D:11     | Found a runed translucent door.
  9699 | D:11     | Found a staircase to the Orcish Mines.
  9850 | D:11     | Found a runed translucent door.
  9928 | D:11     | Found a runed translucent door.
 10127 | D:11     | Noticed an orange crystal statue
 10306 | Lair:1   | Entered Level 1 of the Lair of Beasts
 10395 | Lair:1   | Reached skill level 10 in Fighting
 10395 | Lair:1   | Reached skill level 1 in Throwing
 10628 | Lair:1   | Received a gift from Okawaru
 10716 | Lair:1   | Reached skill level 14 in Axes
 10723 | Lair:1   | Reached ****** piety under Okawaru
 10727 | Lair:1   | HP: 1/101 [cane toad (10)]
 10738 | Lair:1   | Acquired a +2 broad axe of electrocution
 10738 | Lair:1   | Received a gift from Okawaru
 10739 | Lair:1   | Acquired the +2 pair of gloves of Inference {rElec rCorr
                  | Dex-2 Slay+3}
 10739 | Lair:1   | Received a gift from Okawaru
 10926 | Lair:1   | Identified the +0 robe "Qezxeuf" {rF+ Int+2}
 11265 | Lair:2   | Reached XP level 12. HP: 107/107 MP: 16/16
 11450 | Lair:2   | Found a hole to the Spider Nest.
 11601 | Lair:2   | Received a gift from Okawaru
 11629 | Lair:2   | Reached skill level 15 in Axes
 11818 | Lair:2   | Noticed a five-headed hydra
 11826 | Lair:2   | Killed a five-headed hydra
 11955 | Lair:2   | Found a staircase to the Shoals.
 12133 | Lair:2   | Received a gift from Okawaru
 12190 | Lair:3   | Reached skill level 5 in Throwing
 12204 | Lair:3   | Found a gate leading to a gauntlet.
 12252 | Gauntlet | Entered a Gauntlet
 12252 | Gauntlet | Found a transporter.
 12252 | Gauntlet | Found a transporter.
 12266 | Gauntlet | Found a transporter.
 12286 | Gauntlet | Found a transporter.
 12286 | Gauntlet | Found a transporter.
 12291 | Gauntlet | Found a transporter.
 12291 | Gauntlet | Found a transporter.
 12293 | Gauntlet | Found a transporter.
 12309 | Gauntlet | Found a transporter.
 12323 | Gauntlet | Found the +2 pair of slick slippers {slick, slippery, EV+4}
 12325 | Gauntlet | Found a transporter.
 12335 | Gauntlet | Found a transporter.
 12349 | Gauntlet | Found a transporter.
 12394 | Gauntlet | Found a transporter.
 12410 | Gauntlet | Found a transporter.
 12466 | Gauntlet | Reached skill level 16 in Axes
 12617 | Gauntlet | Identified the ring of Kaygoy {Ice Contam Int+2 Dex+3
                  | Slay+6}
 12695 | Gauntlet | Reached XP level 13. HP: 111/117 MP: 15/18
 12700 | Gauntlet | Received a gift from Okawaru
 12723 | Gauntlet | Identified the ring "Ciurph" {rF+ Will++ Str+4}
 12741 | Gauntlet | Noticed a minotaur
 12757 | Gauntlet | Killed a minotaur
 13374 | Lair:3   | Noticed Rupert
 13383 | Lair:3   | Killed Rupert
 13384 | Lair:3   | Reached skill level 17 in Axes
 13897 | Lair:4   | Noticed Josephine
 13914 | Lair:4   | Killed Josephine
 14103 | Lair:4   | Found a runed translucent door.
 14276 | Lair:4   | Received a gift from Okawaru
 14277 | Lair:4   | Reached skill level 10 in Invocations
 14586 | Lair:4   | Received a gift from Okawaru
 14587 | Lair:4   | Reached XP level 14. HP: 129/129 MP: 20/20
 14599 | Lair:4   | Reached skill level 18 in Axes
 15060 | Lair:4   | Found a staircase to the Slime Pits.
 15104 | Lair:5   | Entered Level 5 of the Lair of Beasts
 15206 | Lair:5   | Reached skill level 1 in Dodging
 15263 | Lair:5   | Reached skill level 10 in Armour
 15266 | Lair:5   | Received a gift from Okawaru
 15390 | Lair:5   | Reached skill level 10 in Shields
 16018 | Lair:5   | Received a gift from Okawaru
 16021 | Lair:5   | Got a glistering book
 16107 | Lair:5   | Found a corrupted altar of Lugonu.
 16107 | Lair:5   | Found a one-way gate to the infinite horrors of the Abyss.
 16362 | Lair:5   | Received a gift from Okawaru
 16608 | Orc:1    | Entered Level 1 of the Orcish Mines
 16733 | Orc:1    | Found a runed translucent gate.
 16733 | Orc:1    | Found a runed translucent gate.
 16733 | Orc:1    | Found a runed translucent gate.
 16734 | Orc:1    | Noticed Armakuni's ghost (journeyman HuFi)
 16754 | Orc:1    | Killed Armakuni's ghost
 16948 | Orc:2    | Entered Level 2 of the Orcish Mines
 16972 | Orc:2    | Found Maemia's Book Shop.
 16977 | Orc:2    | Found a staircase to the Elven Halls.
 17003 | Orc:2    | Found Usapye's Magic Scroll Boutique.
 17012 | Orc:2    | Bought a scroll of acquirement for 572 gold pieces
 17026 | Orc:2    | Acquired the scarf of Zoklets {repulsion, rElec Will++}
 17027 | Orc:2    | Bought a scroll of identify for 22 gold pieces
 17027 | Orc:2    | Bought a scroll of identify for 22 gold pieces
 17027 | Orc:2    | Bought a scroll of identify for 22 gold pieces
 17050 | Orc:2    | Found Utzeer's Weapon Boutique.
 17144 | Orc:2    | Found Tocalieti's Magic Scroll Shoppe.
 17153 | Orc:2    | Found Icoohog's General Store.
 17180 | Orc:2    | Reached XP level 15. HP: 139/139 MP: 22/22
 17212 | Orc:2    | Bought a scroll of identify for 26 gold pieces
 17212 | Orc:2    | Bought a scroll of identify for 26 gold pieces
 17216 | Orc:2    | Bought a scroll of identify for 36 gold pieces
 17290 | Orc:2    | Reached skill level 5 in Dodging
 17345 | Orc:2    | Received a gift from Okawaru
 17348 | Orc:2    | Found Ukoitif's Antique Armour Boutique.
 17348 | Orc:2    | Found Vara's Jewellery Shop.
 17349 | Orc:2    | Found a one-way gate leading to the halls of Pandemonium.
 17679 | Orc:2    | Found Bayso's Jewellery Emporium.
 17732 | Orc:2    | Found Baenwut's General Store.
 17740 | Orc:2    | Bought a scroll of teleportation for 51 gold pieces
 17740 | Orc:2    | Bought a scroll of fog for 68 gold pieces
 18063 | Spider:1 | Entered Level 1 of the Spider Nest
 18212 | Spider:1 | Noticed an emperor scorpion
 18215 | Arena    | Entered the Arena
 18252 | Spider:1 | Killed an emperor scorpion
 18252 | Spider:1 | Received a gift from Okawaru
 18255 | Spider:1 | Reached skill level 15 in Fighting
 18442 | Spider:1 | Noticed an emperor scorpion
 18454 | Spider:1 | Killed an emperor scorpion
 18455 | Spider:1 | Reached skill level 10 in Throwing
 18580 | Spider:1 | Received a gift from Okawaru
 19086 | Spider:1 | Reached XP level 16. HP: 149/149 MP: 24/24
 19376 | Spider:2 | Noticed Nikola
 19437 | Spider:2 | Killed Nikola
 19511 | Spider:2 | Received a gift from Okawaru
 19630 | Spider:2 | Reached skill level 1 in Evocations
 20220 | Spider:2 | You fall into a shaft and drop 1 floor!
 20246 | Spider:3 | Noticed Arachne
 20267 | Spider:3 | Killed Arachne
 20440 | Spider:3 | Received a gift from Okawaru
 20617 | Spider:4 | Entered Level 4 of the Spider Nest
 20946 | Spider:4 | Found a transporter.
 20946 | Spider:4 | Noticed Yohl's ghost (adept DrCj)
 20950 | Spider:4 | Found a transporter.
 21206 | Spider:4 | Received a gift from Okawaru
 21224 | Spider:4 | HP: 5/151 [demonic crawler (10)]
 21631 | Spider:4 | Killed Yohl's ghost
 21639 | Spider:4 | Identified the ring "Iriseape" {rF+ rN+ Will+ Str+6 Int-5
                  | Dex+3}
 21737 | Spider:4 | Received a gift from Okawaru
 21752 | Spider:4 | Reached XP level 17. HP: 148/158 MP: 3/25
 21919 | Spider:4 | HP: 5/158 [demonic crawler (14)]
 21919 | Spider:4 | HP: 2/158 [demonic crawler (3)]
 22200 | Spider:4 | Reached skill level 5 in Evocations
 22519 | Spider:4 | Received a gift from Okawaru
 22540 | Spider:4 | Got a gossamer rune of Zot
 22556 | Spider:4 | Identified the +1 hat "Hojea" {rC+ rN+ Stlth+}
 23108 | Orc:2    | Bought a ring of flight for 262 gold pieces
 23285 | Shoals:1 | Entered Level 1 of the Shoals
 23357 | Shoals:1 | Found Gafi Suyzag's Distillery.
 23463 | Shoals:1 | Bought a potion of might for 64 gold pieces
 23463 | Shoals:1 | Bought 2 potions of might for 128 gold pieces
 23463 | Shoals:1 | Bought a potion of heal wounds for 80 gold pieces
 23463 | Shoals:1 | Bought a potion of degeneration for 16 gold pieces
 23463 | Shoals:1 | Bought a potion of lignification for 48 gold pieces
 23463 | Shoals:1 | Bought a potion of curing for 48 gold pieces
 24109 | Shoals:2 | HP: 2/159 [merfolk/+1 halberd of protection[a merfolk
                  | impaler] (11)]
 24451 | Shoals:2 | Received a gift from Okawaru
 24911 | Shoals:2 | Mangled by an alligator snapping turtle

Illustrated notes

Levels and vault maps discovered:
D:1:      dpeg_cavernosity, layout_basic, minmay_split_cup_small
D:2:      minmay_thinvault, layout_basic, ebering_ecumenical_altar_rust
D:3:      layout_basic, uniq_robin
D:4:      layout_loops_ring, mainiacjoe_overflow_paths, amcnicky_altar_gilded,
          minmay_temple_entry_grid, uniq_eustachio, uniq_pikel, uniq_grinder
D:5:      cheibrodos_fertilizer, layout_rooms, nicolae_uskayaw_dance_hall,
          uniq_blork_the_orc
D:6:      layout_basic
D:7:      kennysheep_spiral_hall, layout_basic, elyvilon_altar_5,
          mainiacjoe_overflow_small_starburst, ebering_ghost_inner_flame,
          corexii_hall_statues_l
D:8:      layout_rooms, enter_bailey_3, minmay_misc_feat_cross
D:9:      lemuel_troll_bridge, layout_irregular_city, erik_lair_island
D:10:     layout_basic, nicolae_beast_mode
D:11:     layout_cave_pools, minmay_statue_crystal_thing
Temple:   minmay_temple_bridge_d
Lair:1:   layout_roguey
Lair:2:   nzn_winding_woodlands_medium [nzn_winding_woodlands_5x5_closed_star,
          nzn_winding_woodlands_5x15_concentric,
          nzn_winding_woodlands_5x5_open_star,
          nzn_winding_woodlands_5x5_checkerboard,
          nzn_winding_woodlands_center_lodge, nzn_winding_woodlands_5x5_cross,
          nzn_winding_woodlands_hourglass, nzn_winding_woodlands_5x15_parted,
          nzn_winding_woodlands_5x5_perimeter], layout_chaotic_city,
          elwin_shoals_entry_rocks, dummy_spider_entry, lemuel_fruit_fields,
          lemuel_fruit_fields, serial_bayou_shore_b
Lair:3:   layout_regular_city, gauntlet_entry_generic, st_stairs_10,
          minmay_stone_trees_medium, uniq_rupert
Lair:4:   dreamdust_isle_of_ice, layout_layer_cave, slime_entry_2, minivault_26,
          lemuel_fruit_fields, grunt_megastairs_1, uniq_josephine
Lair:5:   hellmonk_lair_end_abyssal_woods, layout_gridlike
Shoals:1: layout_shoals, serial_shops, nicolae_shop_industrial_runoff
Shoals:2: layout_shoals, uniq_frances
Spider:1: spider_temple_joshua
Spider:2: layout_spider_delve, uniq_nikola
Spider:3: layout_cave_pods, uniq_arachne
Spider:4: hellmonk_spider_rune_bug_friends, gammafunk_ghost_arena, worms_lemuel
Orc:1:    layout_caves, gammafunk_ghost_necromancy
Orc:2:    pf_orc_diabolical, layout_caves, serial_shops,
          nicolae_shop_gaudy_bauble, nicolae_shop_bloodbath_and_beyond, shop,
          nicolae_shop_tiny_statue_garden, shop, basic_altar, special_room

Skill      XL: |  1  2  3  4  5  6  7  8  9 10 11 12 13 14 15 16 17 |
---------------+----------------------------------------------------+-----
Axes           | 3 4 5 6 7 9 10 12 14 16 17 18 | 18.7
Fighting       | 4 5 6 7 9 10 11 13 14 15 16 | 16.5
Armour         | 4 5 6 7 9 11 12 13 | 13.7
Shields        | 4 5 6 7 8 9 10 12 13 | 13.6
Invocations    | 1 2 3 5 6 7 9 10 11 12 13 | 13.2
Throwing       | 2 5 7 9 10 11 | 11.5
Dodging        | 4 7 8 9 |  9.1
Evocations     | 4 6 |  6.1

Action                     |  1- 3 |  4- 6 |  7- 9 | 10-12 | 13-15 | 16-18 || total
---------------------------+-------+-------+-------+-------+-------+-------++-------
  Melee: War axe           |    90 |    87 |   259 |   588 |       |       ||  1024
         Headbutt          |    12 |     9 |    52 |   204 |   255 |   217 ||   749
         Broad axe         |       |       |       |   184 |    90 |   136 ||   410
         Flail             |       |       |       |    20 |     8 |       ||    28
         Battleaxe         |       |       |       |       |   962 |   665 ||  1627
  Throw: Javelin           |       |       |       |       |     6 |     7 ||    13
         Dart              |       |       |       |       |     2 |       ||     2
         Boomerang         |       |       |       |       |    19 |       ||    19
 Invoke: Heroism           |       |       |     2 |     6 |    12 |     7 ||    27
         Receive Weapon    |       |       |       |     1 |       |       ||     1
         Receive Armour    |       |       |       |     1 |       |       ||     1
         Finesse           |       |       |       |       |     4 |     3 ||     7
         Duel              |       |       |       |       |     1 |       ||     1
    Use: Scroll            |       |       |     2 |    11 |    12 |     3 ||    28
         Potion            |       |       |     1 |     3 |       |     7 ||    11
 Armour: Scale mail        |    55 |       |       |       |       |       ||    55
         Chain mail        |    30 |    58 |   266 |   792 |   926 |   982 ||  3054
  Dodge: Dodged            |    40 |    25 |    80 |   342 |   640 |   630 ||  1757
         Repelled          |       |       |       |       |     6 |     4 ||    10
  Block: Buckler           |    27 |    22 |    78 |   290 |    26 |       ||   443
         Kite shield       |       |       |       |       |       |   111 ||   111

Table legend: (Time is in decaauts)
 A = Elapsed time spent in this place.
 B = Non-inter-level travel time spent in this place.
 C = Inter-level travel time spent in this place.
 D = Time resting spent in this place.
 E = Time spent auto-exploring this place.
 F = Levels seen in this place.
 G = Mean time per level.
                   A        B        C        D        E       F      G
               +--------+--------+--------+--------+--------+-----+--------+
         Total |  24497 |  22781 |   1716 |   1037 |  16133 |  28 |  874.9 |
       Dungeon |  10034 |   9306 |    728 |    247 |   7269 |  11 |  912.2 |
        Temple |    143 |      4 |    139 |      0 |      0 |   1 |  143.0 |
          Lair |   5659 |   5220 |    439 |    121 |   3860 |   5 | 1131.8 |
        Shoals |   1579 |   1572 |      7 |    161 |   1093 |   2 |  789.5 |
   Spider Nest |   4681 |   4445 |    236 |    377 |   2745 |   4 | 1170.2 |
  Orcish Mines |   1395 |   1231 |    164 |      0 |    869 |   2 |  697.5 |
        Bailey |    394 |    394 |      0 |      0 |    196 |   1 |  394.0 |
      Gauntlet |    589 |    589 |      0 |    130 |    101 |   1 |  589.0 |
         Arena |     19 |     19 |      0 |      0 |      0 |   1 |   19.0 |
               +--------+--------+--------+--------+--------+-----+--------+

Top non-repeatable levels by time:
Spider:4: 1927 daAuts
Spider:1: 1334 daAuts
  Lair:5: 1310 daAuts
  Lair:4: 1240 daAuts
  Lair:2: 1105 daAuts
     D:5: 1073 daAuts
  Lair:1: 1023 daAuts
     D:3: 1017 daAuts
     D:2: 988 daAuts
    D:10: 987 daAuts
  Lair:3: 979 daAuts
     D:7: 960 daAuts
Shoals:1: 957 daAuts
     D:9: 941 daAuts
     D:1: 935 daAuts
